cohdb
Replays
Latest Replays
All Replays
Popular Replays
Top Player Replays
Match Explorer
How It Works
Community
CoH3 Stats
Reddit
Sign in to upload your games and track your stats! →
Sign in with Steam
Match 23716245
Unlisted
Match 23716245
Overview
Messages
Build Orders
End
Panzergrenadier Squad
Selects Armored Support Battlegroup
250 Light Carrier
Panzergrenadier Squad
Construct Light Support Kompanie
2.5-tonne Medical Truck
MG34 Team
Fire Support Elements
Combat Half-tracks
Veteran Squad Leaders
Panzerjäger Mechanized Group
Construct Panzerarmee Kommand
Selects Salvage Kits
Selects Panzer Storm
Armored Reserves
Panzer IV Assault Group
Vehicle Survival Package
Tungsten Core Ammunition
Selects Veteran Gunners
Walking Stuka Rocket Launcher
Selects Stuka Anti-tank Loiter
Panzer IV Assault Group
Rapid Advance
Emergency Repair Kits
Panzer IV Assault Group
Panzer Storm
Selects Flammpanzer III Medium Tank Sd.Kfz. 141
Selects Command Panzer IV F Medium Tank
Command Panzer IV F Medium Tank
Flammpanzer III Medium Tank
Panzer IV Assault Group
UH|dun! ツ
iceman
UH|BluEskY
G'kar
catmeme71
Jesus
0
0
Comments
sign in to comment!
No comments posted yet!